 Dungeon Crawl Stone Soup version 0.24-a0-446-g87df7205b4 (webtiles) character file.

Game seed: 6229553536618862690

385932 Craser22 the Executioner (level 22, -2/321 HPs)
             Began as a Minotaur Berserker on June 24, 2019.
             Was the Champion of Trog.
             Killed from afar by a hellion (29 damage)
             ... with damnation
             ... summoned by a deep elf demonologist
             ... on level 2 of the Depths on June 25, 2019.
             The game lasted 05:07:16 (53640 turns).

Craser22 the Executioner (Minotaur Berserker)      Turns: 53640, Time: 05:07:16

Health: -2/321     AC: 30    Str: 37    XL:     22   Next: 0%
Magic:  21/21      EV: 23    Int: 11    God:    Trog [******]
Gold:   1877       SH:  5    Dex: 22    Spells: 21/21 levels left

rFire    + + +     SeeInvis .   t - +7 battleaxe of Arrival {vamp, *Contam rElec Str+3 Int+7}
rCold    + . .     Gourm    .   (shield currently unavailable)
rNeg     . . .     Faith    .   V - +5 plate armour "Ripaj" {rF++ Str+4 Dex+5}
rPois    .         Spirit   .   (helmet restricted)
rElec    +         Reflect  +   o - scarf {rC+ rF+}
rCorr    .         Harm     .   a - +1 pair of gloves "Lesuff" {Regen+ Slay+3}
MR       ++...                  J - +2 pair of boots
Stlth    ..........             s - amulet of Norrehon {Reflect SH+5 Stlth+}
HPRegen  1.03/turn              d - ring of protection from magic
MPRegen  0.17/turn              T - +3 ring of slaying

@: berserking, drained, very quick
A: retaliatory headbutt, horns 2
}: 2/15 runes: decaying, serpentine
a: Berserk, Trog's Hand, Brothers in Arms, Renounce Religion


You were on level 2 of the Depths.
You worshipped Trog.
Trog was exalted by your worship.
You were hungry.

You visited 7 branches of the dungeon, and saw 35 of its levels.
You also visited: Ossuary and Ice Cave.

You collected 3715 gold pieces.
You spent 1838 gold pieces at shops.


Innate Abilities, Weirdness & Mutations

You reflexively headbutt those who attack you in melee.
You have a pair of horns on your head.


   Skills:
 + Level 21.6(20.2) Fighting
 - Level 26.0(24.4) Axes
 + Level 21.5(20.1) Armour
 + Level 18.7(17.3) Dodging


You had 21 spell levels left.
You didn't know any spells.
Your spell library was empty.

Inventory:

Hand Weapons
 t - the +7 battleaxe of Arrival (weapon) {vamp, *Contam rElec Str+3 Int+7}

   It inflicts no extra harm, but heals its wielder when it wounds a living foe.
   It affects your strength (+3).
   It affects your intelligence (+7).
   It insulates you from electricity.
   It causes magical contamination when unequipped.
Missiles
 e - 1067 stones (quivered)
Armour
 a - the +1 pair of gloves "Lesuff" (worn) {Regen+ Slay+3}

   It affects your accuracy and damage with ranged weapons and melee attacks
   (+3).
   It increases your rate of regeneration.
 g - a +4 plate armour of cold resistance
 i - +0 swamp dragon scales
 o - a scarf of resistance (worn)
 J - a +2 pair of boots (worn)
 P - a +0 cloak of magic resistance
 V - the +5 plate armour "Ripaj" (worn) {rF++ Str+4 Dex+5}

   It affects your strength (+4).
   It affects your dexterity (+5).
   It greatly protects you from fire.
Jewellery
 b - an uncursed ring of resist corrosion
 d - a ring of protection from magic (left hand)
 h - the ring "Ryriykeq" {*Corrode rPois Int+2 Dex+4, unknown}

   [ring of poison resistance]

   It affects your intelligence (+2).
   It affects your dexterity (+4).
   It protects you from poison.
   It may corrode you when you take damage.
 p - an uncursed ring of protection from cold
 s - the amulet of Norrehon (around neck) {Reflect SH+5 Stlth+}

   [amulet of reflection]

   It shields you and reflects attacks.
   It affects your SH (+5).
   It makes you more stealthy.
 u - an uncursed amulet of faith {unknown}
 y - an uncursed ring of positive energy
 B - an uncursed ring of positive energy
 C - the ring "Tiomoer" {Ice rElec Str+5, unknown}

   [ring of ice]

   It enhances your ice magic.
   It affects your strength (+5).
   It makes you vulnerable to fire.
   It protects you from cold.
   It insulates you from electricity.
 D - the ring "Ruitu" {rN+ SInv}

   [ring of see invisible]

   It protects you from negative energy.
   It lets you see invisible.
 G - the ring of the Tarantula {rElec rN+ Str-5 Slay+3 Stlth+, unknown}

   [ring of positive energy]

   It affects your strength (-5).
   It affects your accuracy and damage with ranged weapons and melee attacks
   (+3).
   It insulates you from electricity.
   It protects you from negative energy.
   It makes you more stealthy.
 H - the amulet of Wonder {RegenMP Str+4 Int+4}

   [amulet of magic regeneration]

   It increases your magic regeneration.
   It affects your strength (+4).
   It affects your intelligence (+4).
 K - an uncursed ring of flight
 Q - the ring "Lohempekk" {rPois rF+ rN+ EV+5 Int-5, unknown}

   [ring of evasion]

   It affects your evasion (+5).
   It affects your intelligence (-5).
   It protects you from fire.
   It protects you from poison.
   It protects you from negative energy.
 T - a +3 ring of slaying (right hand)
 X - an uncursed ring of protection from fire
Scrolls
 f - 4 scrolls of blinking
 l - 12 scrolls of remove curse
 A - 16 scrolls of teleportation {@r4}
 I - 6 scrolls of magic mapping
 M - 3 scrolls of fog
 O - 2 scrolls of silence {!r}
 R - a scroll of holy word {unknown}
 S - a scroll of summoning
 U - a scroll of acquirement {unknown}
 W - a scroll of enchant weapon
 Y - 9 scrolls of fear
Potions
 j - 6 potions of heal wounds {@q2}
 k - 2 potions of invisibility {unknown}
 m - 4 potions of magic {unknown}
 n - 14 potions of curing {@q1}
 q - 9 potions of lignification {!q}
 v - 7 potions of flight
 w - 7 potions of might
 z - 5 potions of cancellation
 E - 8 potions of haste {@q3}
 F - 4 potions of agility {unknown}
 L - 4 potions of resistance
 Z - a potion of berserk rage {unknown}
Comestibles
 c - 50 rations
 N - 24 chunks of flesh

Dungeon Overview and Level Annotations

Branches:
Dungeon (15/15)              Lair (6/6) D:9           Swamp (4/4) Lair:2
  Snake (4/4) Lair:2        Slime (0/5) Lair:6          Orc (2/2) D:11
    Elf (0/3) Orc:2        Vaults (4/5) D:14          Crypt (0/3) Vaults:3
 Depths (2/5) D:15
 Temple: D:4-7

Altars:
Ashenzari
Cheibriados
Elyvilon
Kikubaaqudgha
Makhleb
Qazlal
Ru
Sif Muna
Xom
Zin
The Shining One
Beogh
Jiyva

Shops:
Orc:1 [(*   Orc:2 :*[(=   Snake:3 %   Vaults:2 (   Vaults:3 %

Portals:
Hell: Depths:1 Depths:2

Annotations:
Lair:1 exclusion: 2 oklob plants
Swamp:1 exclusion: Roxanne, Roxanne
Swamp:2 1 runed translucent door, Ferb's ghost, adept GrEE

▒.▒...▒▒.▒..▒▒▒...▒.......▒▒▒▒...
.▒.▒.▒.).▒▒▒▒...▒.'..............
▒▒▒▒...[▒▒▒.......▒..............
.▒=▒.▒▒▒▒...▒▒▒▒▒▒▒.▒▒▒▒'▒...▒▒..
▒.▒.▒▒▒..................+<......
.▒▒▒▒...▒▒▒......▒▒▒▒▒▒▒▒▒▒▒▒▒▒▒▒
▒▒▒...▒..▒▒▒▒▒▒▒▒▒e..▒
▒...▒▒▒..........†42.▒
..▒▒▒▒▒.▒▒▒▒▒▒▒▒H▒...▒ ........▒
▒.▒▒e▒▒ ▒▒▒▒▒▒▒.▒ ▒.▒.L.▒ ▒.▒
▒.▒...'. ▒.▒ ▒.▒...▒!.£ ▒.▒
▒.▒▒'▒▒▒▒▒▒ ▒.▒ ▒.▒... ▒.▒ ▒.▒...
▒.▒ ▒▒▒...


You could see a deep elf demonologist, an ice devil and a hellion.


Message History

You have reached level 22!
You slice the Brimstone Fiend!!
The Brimstone Fiend is lightly wounded.
You barely miss the Brimstone Fiend.
The Brimstone Fiend is lightly wounded.
The Brimstone Fiend barely misses you. You furiously retaliate!
You headbutt the Brimstone Fiend. The Brimstone Fiend hits you.
* * * LOW HITPOINT WARNING * * *
The Brimstone Fiend barely misses you.
The deep elf demonologist mumbles some strange words.
You barely miss the Brimstone Fiend.
You headbutt the Brimstone Fiend, but do no damage.
The Brimstone Fiend is moderately wounded.
You slice the Brimstone Fiend!!
The Brimstone Fiend is heavily wounded.
The deep elf demonologist is no longer moving slowly.
The Brimstone Fiend calls on the powers of darkness!
The deep elf demonologist convulses!
Your body is wracked with pain!
* * * LOW HITPOINT WARNING * * *
You slice the Brimstone Fiend!!
The Brimstone Fiend is severely wounded.
You chop the Brimstone Fiend into pieces!!!
You kill the Brimstone Fiend!
The hellion gestures at you.
The sphere of damnation explodes!
The damnation engulfs you!!
You die...

Action                   |  1- 3 |  4- 6 |  7- 9 | 10-12 | 13-15 | 16-18 | 19-21 | 22-24 || total
-------------------------+-------+-------+-------+-------+-------+-------+-------+-------++-------
Melee: Hand axe          |    40 |    35 |       |       |       |       |       |       ||    75
       Headbutt          |     5 |    13 |    85 |   120 |   275 |   360 |   384 |     1 ||  1243
       War axe           |       |    34 |   356 |   325 |       |       |       |       ||   715
       Battleaxe         |       |       |       |   211 |   279 |  1201 |  1062 |     6 ||  2759
       Flail             |       |       |       |    12 |     9 |       |       |       ||    21
       Executioner's axe |       |       |       |       |   795 |    50 |       |       ||   845
       Dire flail        |       |       |       |       |    27 |       |       |       ||    27
Throw: Stone             |       |       |       |    11 |    16 |    34 |       |       ||    61
Invok: Berserk           |     1 |     1 |     2 |     6 |     6 |     3 |     2 |       ||    21
       Brothers in Arms  |       |       |       |     1 |       |       |       |       ||     1
       Trog's Hand       |       |       |       |       |       |     1 |       |       ||     1
  Use: Scroll            |       |     4 |    11 |     7 |    22 |    10 |     6 |       ||    60
       Potion            |       |       |       |       |     1 |     6 |     1 |       ||     8
 Stab: Distracted        |       |       |       |       |     1 |       |     1 |       ||     2
       Confused          |       |       |       |       |     1 |       |       |       ||     1
  Eat: Chunk             |       |     4 |    11 |    31 |    50 |    28 |    22 |       ||   146
       Ration            |       |       |     1 |     1 |     4 |     6 |     1 |       ||    13
Armor: Leather armour    |     4 |       |       |       |       |       |       |       ||     4
       Chain mail        |     6 |     5 |       |       |       |       |       |       ||    11
       Plate armour      |       |    15 |   157 |   260 |   568 |   234 |   305 |       ||  1539
       Swamp dragon scal |       |       |       |       |       |   272 |       |       ||   272
Dodge: Dodged            |    19 |    22 |    88 |   163 |   456 |   714 |   593 |     2 ||  2057
Block: Other             |       |       |    24 |    83 |   191 |   202 |   192 |       ||   692
       Reflection        |       |       |       |     6 |    13 |    19 |    34 |       ||    72

Levels and vault maps discovered:
D:1:      tarquinn_simple_flora_water_b, layout_basic,
          minmay_misc_feat_nine_boxes, chequers_serial_rivers_micro_b,
          minmay_misc_feat_roman
D:2:      layout_loops_ring
D:3:      minmay_wonky_spiral, layout_loops_corners
D:6:      layout_basic, gup_ossuary_entry_pyramid, gup_sewer_entry_spiral,
          chequers_serial_rivers_small_3, lemuel_blue_sif_altar
D:7:      layout_rooms, corexii_item_surrounded_by_moat
D:8:      layout_cave_pools, basic_altar
D:9:      due_megacathedral, layout_irregular_city,
          grunt_lair_entry_orc_guard_hut, hangedman_fish_farm,
          nicolae_zen_rock_garden, uniq_prince_ribbit1
D:10:     layout_small_grid, serial_ice, serial_ice_e, serial_ice_b,
          serial_ice_f, serial_ice_c, uniq_josephine, uniq_grum
D:11:     layout_roguey, zombieorc2_lemuel
D:12:     layout_basic
D:13:     layout_gridville
D:14:     layout_irregular_city, erik_vaults_1, ashenzari_altar_1, uniq_azrael,
          uniq_snorg
D:15:     grunt_enter_depths_hoard, layout_basic,
          chequers_serial_rivers_micro_d, chequers_big_river
Lair:1:   minmay_lair_oklob_tunnel, layout_regular_city,
          chequers_serial_rivers_micro_d, beast_lair_carwin_11,
          lemuel_fruit_fields, lemuel_fruit_tree, uniq_joseph
Lair:2:   wander_river, layout_cave_shapes, minmay_swamp_entry_reptiles,
          minmay_snake_entry_six_corridors, special_room [special_room_bee],
          nzn_random_ring, lemuel_fruit_fields
Lair:3:   beast_lair_carwin_large_2, layout_hall_layers,
          grunt_forest_stairs_clearing
Lair:4:   layout_roguey, hibernation_bobbens, uniq_nessos, uniq_nergalle
Lair:5:   layout_small_grid
Lair:6:   minmay_lair_end_enchanted_forest, layout_cave_pods, slime_altar_2,
          gauntlet_entry_generic, portal_ice_cave_entry_ice_beasts
Swamp:1:  layout_basic_swamp, nicolae_swamp_treefoil, swamp_pool1, uniq_roxanne
Swamp:2:  layout_basic_swamp, ebering_ghost_xom, basic_altar,
          infiniplex_staircase_pool_2
Swamp:3:  layout_falls_marsh, nicolae_swamp_feature_on_the_river_bank
Swamp:4:  swamp_alternative, layout_basic_swamp
Snake:1:  layout_grid_maze, basic_altar
Snake:2:  layout_rooms, uniq_aizul
Snake:3:  layout_gridlike, basic_altar, serial_shops, nicolae_shop_statue_plus,
          serial_bayou_shore_b, uniq_bai_suzhen, uniq_jorgrun
Snake:4:  snake_pit_salamanders_mu, layout_cave_town, statue_in_the_mist_lemuel,
          drop_trap, grunt_ministairs_11, uniq_nikola
Orc:1:    cheibrodos_orc_bank, layout_caves, serial_shops, shop_fountains, shop,
          shop
Orc:2:    st_orc_congregation, layout_caves, serial_shops, shop, basic_altar,
          nicolae_orc_rockfall, uniq_maurice
Vaults:1: v_rooms_3, nicolae_vaults_triangles, nicolae_vaults_three_branches,
          v_misc_1, grunt_vaults_hallway_short, nicolae_vaults_network_s,
          hangedman_vaults_pinch, nicolae_vaults_circle_grid_a,
          dpeg_vaults_pockets_of_resistance, ontoclasm_vaults_loading_screen,
          v_misc_16, ontoclasm_vaults_twist, nicolae_vaults_inception_scallops,
          layout_vaults_maze_bifur
Vaults:2: gammafunk_vaults_ghost_spectres, hangedman_vaults_nails,
          grunt_vaults_hallway_short, v_alt_pattern_2,
          nicolae_vaults_big_angled_halls, kb_rosetta, hangedman_vaults_slice,
          v_misc_13, nicolae_vaults_little_squares_3,
          ontoclasm_vaults_loading_screen, ontoclasm_vaults_chip,
          layout_vaults_omnicross, serial_shops, shop
Vaults:3: nicolae_vaults_little_squares_6, nicolae_vaults_network_star,
          grunt_vaults_bifocal, v_pattern_4, nicolae_vaults_ring_of_whatevers,
          nicolae_vaults_ninety_degrees, hangedman_vaults_cutoff,
          minmay_crypt_entry_skeletal_spiral, vaults_dpeg_ring,
          layout_vaults_omnigrid, basic_altar, serial_shops,
          nicolae_shop_behind_doors
Vaults:4: v_misc_31, vaults_room_fours, nicolae_vaults_back_hallway, v_rooms_5,
          v_misc_10, nicolae_vaults_network_periphery,
          nicolae_vaults_network_quinsquares
          [nicolae_vaults_network_quincunx_subvault,
          nicolae_vaults_network_quincunx_subvault,
          nicolae_vaults_network_quincunx_subvault,
          nicolae_vaults_network_quincunx_subvault], v_misc_15,
          nicolae_vaults_little_squares_2, layout_vaults_omnibox
Depths:1: layout_cave_pools, minmay_door_square, hell_entry,
          minmay_strange_pillars, minmay_misc_feat_plants, nicolae_benzene_ring,
          minmay_fractal_squares_diagonal_5
Depths:2: minmay_the_grid_triangle_9x9_rhombus_thin_mashed
          [minmay_the_grid_triangle_9x9_thin_v,
          minmay_the_grid_triangle_9x9_prize_special,
          minmay_the_grid_triangle_9x9_sparse_checkered,
          minmay_the_grid_triangle_9x9_cache], layout_basic, hell_entry,
          grunt_ministairs_2, serial_bayou_ford_a, minmay_evil_grid

Notes
Turn   | Place    | Note
-------+----------+-------------------------------------------
     0 | D:1      | Craser22 the Minotaur Berserker began the quest for the
                  | Orb.
     0 | D:1      | Reached XP level 1. HP: 19/19 MP: 0/0
   165 | D:1      | Reached skill level 4 in Axes
   268 | D:1      | Reached XP level 2. HP: 15/26 MP: 1/1
  1020 | D:2      | Reached skill level 5 in Axes
  1042 | D:2      | Noticed an ogre
  1050 | D:2      | Killed an ogre
  1050 | D:2      | Reached skill level 6 in Axes
  1050 | D:2      | Reached XP level 3. HP: 31/31 MP: 2/2
  1050 | D:2      | Reached XP level 4. HP: 39/39 MP: 3/3
  1658 | D:6      | Noticed an orc warrior
  1663 | D:6      | Killed an orc warrior
  1663 | D:6      | Reached skill level 7 in Axes
  1663 | D:6      | Reached XP level 5. HP: 45/45 MP: 4/4
  1665 | D:6      | Reached skill level 8 in Axes
  1668 | D:6      | Reached ** piety under Trog
  1675 | D:6      | Reached XP level 6. HP: 14/51 MP: 5/5
  1909 | D:6      | Found a sand-covered staircase.
  1915 | D:6      | Reached skill level 9 in Axes
  1950 | Ossuary  | Entered an ossuary
  2047 | Ossuary  | Reached XP level 7. HP: 38/57 MP: 6/6
  2243 | Ossuary  | Reached skill level 10 in Axes
  2412 | Ossuary  | Reached *** piety under Trog
  2463 | Ossuary  | Reached skill level 11 in Axes
  2562 | Ossuary  | Reached XP level 8. HP: 49/64 MP: 7/7
  2943 | D:6      | Reached skill level 12 in Axes
  3189 | D:6      | Found a deep blue altar of Sif Muna.
  3873 | D:7      | Reached skill level 13 in Axes
  4108 | D:7      | Identified a scarf of resistance (You found it on level 7
                  | of the Dungeon)
  4135 | D:7      | Reached **** piety under Trog
  4528 | D:8      | Found a sacrificial altar of Ru.
  4612 | D:8      | Reached XP level 9. HP: 65/70 MP: 8/8
  4711 | D:8      | Noticed a two-headed ogre
  4714 | D:8      | Reached skill level 14 in Axes
  4720 | D:8      | Killed a two-headed ogre
  4838 | D:9      | Reached skill level 15 in Axes
  5154 | D:9      | Found a runed translucent door.
  5177 | D:9      | Found an ancient bone altar of Kikubaaqudgha.
  5188 | D:9      | Found a glowing golden altar of the Shining One.
  5200 | D:9      | Found a white marble altar of Elyvilon.
  5205 | D:9      | Reached skill level 16 in Axes
  5209 | D:9      | Found a sacrificial altar of Ru.
  5251 | D:9      | Reached skill level 4 in Fighting
  5251 | D:9      | Reached skill level 3 in Armour
  5341 | D:9      | Reached XP level 10. HP: 12/80 MP: 9/9
  5628 | D:9      | Found a sacrificial altar of Ru.
  5658 | D:9      | Found a glowing silver altar of Zin.
  5669 | D:9      | Reached skill level 5 in Fighting
  5669 | D:9      | Reached skill level 4 in Armour
  5820 | D:9      | Reached skill level 5 in Armour
  5856 | D:9      | Reached ***** piety under Trog
  6235 | D:9      | Reached skill level 6 in Fighting
  6520 | D:9      | Noticed Prince Ribbit
  6525 | D:9      | Killed Prince Ribbit
  6556 | D:9      | Reached skill level 6 in Armour
  6685 | D:9      | Reached skill level 7 in Fighting
  6802 | D:9      | Found a staircase to the Lair.
  6934 | D:9      | Reached skill level 7 in Armour
  7121 | D:9      | Noticed a flayed ghost
  7132 | D:9      | Killed a flayed ghost
  7132 | D:9      | Reached skill level 8 in Fighting
  7191 | D:9      | Identified Veges's Guide on Creative Snow
  7193 | D:9      | Got a wavering golden amulet
  7198 | D:9      | Identified the amulet of Wonder {RegenMP Str+4 Int+4} (You
                  | found it on level 9 of the Dungeon)
  7251 | D:10     | Entered Level 10 of the Dungeon
  7266 | D:10     | Noticed Grum
  7276 | D:10     | Reached skill level 8 in Armour
  7283 | D:10     | Killed Grum
  7456 | D:10     | Reached XP level 11. HP: 95/95 MP: 10/10
  7457 | D:10     | Reached skill level 9 in Fighting
  7460 | D:10     | Noticed Josephine
  7473 | D:10     | Killed Josephine
  7473 | D:10     | Reached skill level 9 in Armour
  7475 | D:10     | Received a gift from Trog
  8829 | D:12     | Reached skill level 10 in Fighting
  9264 | D:11     | Noticed a purple ugly thing
  9264 | D:11     | Noticed a cyan ugly thing
  9271 | D:11     | Killed a purple ugly thing
  9271 | D:11     | Reached skill level 10 in Armour
  9285 | D:11     | Killed a cyan ugly thing
  9646 | D:11     | Found the +7 lajatang of Order {silver, rMut}
 10432 | Lair:1   | Entered Level 1 of the Lair of Beasts
 10538 | Lair:1   | Noticed Joseph
 10543 | Lair:1   | Killed Joseph
 10785 | Lair:1   | Noticed an oklob plant
 11179 | Lair:2   | Reached skill level 17 in Axes
 11188 | Lair:2   | Found a staircase to the Snake Pit.
 11468 | Lair:2   | Reached XP level 12. HP: 67/108 MP: 11/11
 11499 | Lair:2   | Received a gift from Trog
 11735 | Lair:2   | Found a staircase to the Swamp.
 11857 | Lair:2   | Reached skill level 18 in Axes
 12063 | Lair:2   | Noticed a death yak
 12063 | Lair:2   | Noticed a five-headed hydra
 12073 | Lair:2   | Killed a six-headed hydra
 12086 | Lair:2   | Killed a death yak
 12099 | Lair:2   | HP: 10/108 [poisoned by a black mamba]
 12106 | Lair:2   | HP: 10/108 [poisoned by a black mamba]
 12111 | Lair:2   | HP: 10/108 [poisoned by a black mamba]
 12821 | Lair:2   | Reached skill level 19 in Axes
 13525 | Lair:3   | Noticed a seven-headed hydra
 13536 | Lair:3   | Killed a seven-headed hydra
 13787 | Lair:3   | Reached skill level 20 in Axes
 14929 | Lair:4   | Noticed a five-headed hydra
 14940 | Lair:4   | Killed a five-headed hydra
 14940 | Lair:4   | Reached skill level 3 in Dodging
 15210 | Lair:4   | Noticed Nessos
 15219 | Lair:4   | Killed Nessos
 15219 | Lair:4   | Reached skill level 11 in Fighting
 15219 | Lair:4   | Reached XP level 13. HP: 116/116 MP: 12/12
 15530 | Lair:4   | Noticed Nergalle
 15538 | Lair:4   | Killed Nergalle
 15859 | Lair:4   | Reached skill level 4 in Dodging
 15896 | Lair:5   | Reached skill level 11 in Armour
 16329 | Lair:5   | Reached ****** piety under Trog
 16465 | Lair:5   | Reached skill level 5 in Dodging
 16516 | Lair:5   | Received a gift from Trog
 16936 | Lair:6   | Entered Level 6 of the Lair of Beasts
 16952 | Lair:6   | Reached skill level 12 in Fighting
 16972 | Lair:6   | Reached skill level 6 in Dodging
 16975 | Lair:6   | HP: 4/177 [spriggan rider/+0 spear (16)]
 17325 | Lair:6   | Reached skill level 12 in Armour
 17412 | Lair:6   | Found a runed translucent door.
 17412 | Lair:6   | Found a viscous altar of Jiyva.
 17416 | Lair:6   | Found a staircase to the Slime Pits.
 17449 | Lair:6   | Found a frozen archway.
 17473 | IceCv    | Entered an ice cave
 18096 | IceCv    | Reached skill level 7 in Dodging
 18749 | Lair:6   | Reached skill level 13 in Fighting
 18753 | Lair:6   | Reached XP level 14. HP: 107/129 MP: 13/13
 19210 | Lair:6   | Received a gift from Trog
 20242 | D:11     | Found a staircase to the Orcish Mines.
 20687 | Orc:1    | Entered Level 1 of the Orcish Mines
 21138 | D:11     | Received a gift from Trog
 21518 | Orc:1    | Found Koad's Assorted Antiques.
 21652 | Orc:1    | Bought a scroll of identify for 48 gold pieces
 21652 | Orc:1    | Bought a scroll of identify for 48 gold pieces
 21698 | Orc:1    | Found Nupp's Antique Weapon Shop.
 22104 | Orc:1    | Found Podes's Antique Armour Emporium.
 22215 | Orc:2    | Entered Level 2 of the Orcish Mines
 22215 | Orc:2    | Noticed Maurice
 22292 | Orc:1    | Killed Maurice
 22421 | Orc:2    | Reached skill level 21 in Axes
 22492 | Orc:2    | Found Jehia's Jewellery Shoppe.
 22719 | Orc:2    | Found a staircase to the Elven Halls.
 22752 | Orc:2    | Received a gift from Trog
 23438 | Orc:2    | Noticed an orc warlord
 23449 | Orc:1    | Killed an orc warlord
 24175 | Orc:2    | Received a gift from Trog
 24353 | Orc:2    | Paralysed by an orc sorcerer for 2 turns
 24653 | Orc:2    | Found Jeutso's General Store.
 24654 | Orc:2    | Found Ponlual's Book Shop.
 24655 | Orc:2    | Found Xyelab's Antique Armour Boutique.
 24655 | Orc:2    | Found Galaygie's Antique Weapon Boutique.
 24669 | Orc:2    | Bought 2 scrolls of identify for 72 gold pieces
 24730 | Orc:2    | Found a roughly hewn altar of Beogh.
 24950 | Orc:2    | Bought a shiny plate armour for 780 gold pieces
 25016 | Orc:2    | Bought the amulet of Norrehon {Reflect SH+5 Stlth+} for 561
                  | gold pieces
 25030 | Orc:2    | Bought an uncursed ring of protection from magic for 275
                  | gold pieces
 25088 | Orc:2    | Bought a potion of curing for 54 gold pieces
 25188 | D:13     | Reached skill level 22 in Axes
 26392 | D:14     | Noticed Snorg
 26402 | D:14     | Killed Snorg
 26491 | D:14     | Reached XP level 15. HP: 112/135 MP: 4/14
 26500 | D:14     | Received a gift from Trog
 26530 | D:14     | Noticed Azrael
 26539 | D:14     | Killed Azrael
 26833 | D:14     | Found a gate to the Vaults.
 26881 | D:14     | Reached skill level 23 in Axes
 26994 | D:14     | Found a shattered altar of Ashenzari.
 27303 | D:15     | Entered Level 15 of the Dungeon
 27352 | D:15     | Got a bloodstained war axe
 28214 | D:14     | Received a gift from Trog
 28217 | D:14     | Got a warped battleaxe {god gift}
 28925 | D:15     | Reached skill level 24 in Axes
 29226 | D:15     | Found a staircase to the Depths.
 30479 | Swamp:1  | Entered Level 1 of the Swamp
 31286 | Swamp:1  | Noticed Roxanne
 31983 | Swamp:2  | Received a gift from Trog
 32257 | Swamp:2  | Found a runed translucent door.
 32257 | Swamp:2  | Found a shimmering altar of Xom.
 32257 | Swamp:2  | Noticed Ferb's ghost (adept GrEE)
 32258 | Swamp:2  | Identified the cursed +1 demon trident of the Magi {chaos,
                  | rN+ MR+ MP-9 Dex+7}
 32403 | Swamp:2  | Reached skill level 25 in Axes
 32417 | Swamp:2  | Reached XP level 16. HP: 121/143 MP: 5/15
 32441 | Swamp:2  | Noticed a thorn hunter
 32452 | Swamp:2  | Killed a thorn hunter
 32564 | Swamp:2  | Found a snail-covered altar of Cheibriados.
 33251 | Swamp:2  | Identified the +7 battleaxe of Arrival {vamp, *Contam rElec
                  | Str+3 Int+7} (Trog gifted it to you on level 14 of the
                  | Dungeon)
 33673 | Swamp:3  | Noticed a thorn hunter
 33686 | Swamp:3  | Killed a thorn hunter
 34087 | Swamp:3  | Paralysed by a hornet for 1 turns
 34343 | Swamp:3  | Found a shimmering altar of Xom.
 34508 | Swamp:3  | Got a steaming plate armour
 34618 | Swamp:4  | Entered Level 4 of the Swamp
 34729 | Swamp:4  | Reached skill level 26 in Axes
 34820 | Swamp:4  | Identified +0 swamp dragon scales
 34820 | Swamp:4  | Reached skill level 8 in Dodging
 35139 | Swamp:4  | Reached skill level 13 in Armour
 35212 | Swamp:4  | Identified +0 swamp dragon scales
 35470 | Swamp:4  | Identified +0 swamp dragon scales
 35504 | Swamp:3  | HP: 14/144 [poison (poison gas)]
 35509 | Swamp:3  | HP: 13/144 [poison (poison gas)]
 35515 | Swamp:3  | HP: 12/144 [poison (poison gas)]
 35523 | Swamp:3  | HP: 12/144 [poison (poison gas)]
 35531 | Swamp:3  | HP: 13/144 [poison (poison gas)]
 36007 | Swamp:4  | Received a gift from Trog
 36054 | Swamp:4  | Identified +0 swamp dragon scales
 36230 | Swamp:4  | Identified +0 swamp dragon scales
 36355 | Swamp:4  | Reached skill level 9 in Dodging
 36698 | Swamp:4  | Identified +0 swamp dragon scales
 37002 | Swamp:4  | Got a decaying rune of Zot
 37329 | Snake:1  | Entered Level 1 of the Snake Pit
 37412 | Snake:1  | Reached skill level 14 in Fighting
 37755 | Snake:1  | Reached skill level 14 in Armour
 38242 | Snake:1  | Reached XP level 17. HP: 148/152 MP: 16/16
 38386 | Snake:1  | Found a stormy altar of Qazlal.
 38483 | Snake:1  | Reached skill level 10 in Dodging
 39069 | Snake:2  | Noticed Aizul
 39089 | Snake:1  | Killed Aizul
 39310 | Snake:2  | Received a gift from Trog
 40251 | Snake:2  | Identified the +5 plate armour "Ripaj" {rF++ Str+4 Dex+5}
                  | (You found it on level 3 of the Swamp)
 40390 | Snake:3  | Found a burning altar of Makhleb.
 40421 | Snake:3  | Noticed Bai Suzhen
 40452 | Snake:3  | Killed Bai Suzhen
 40452 | Snake:3  | Reached skill level 15 in Fighting
 40463 | Snake:3  | Reached skill level 11 in Dodging
 41053 | Snake:3  | Found Voynux's Food Shop.
 41123 | Snake:3  | Noticed Jorgrun
 41146 | Snake:3  | Killed Jorgrun
 41146 | Snake:3  | Reached skill level 15 in Armour
 41633 | Snake:4  | Entered Level 4 of the Snake Pit
 42180 | Snake:4  | Received a gift from Trog
 42951 | Snake:4  | Reached skill level 12 in Dodging
 43126 | Snake:4  | Noticed Nikola
 43134 | Snake:4  | Killed Nikola
 43134 | Snake:4  | Reached skill level 16 in Fighting
 43181 | Snake:4  | Reached XP level 18. HP: 165/166 MP: 17/17
 43249 | Snake:4  | Reached skill level 16 in Armour
 43554 | Snake:4  | Received a gift from Trog
 44793 | Snake:4  | Reached skill level 13 in Dodging
 44934 | Snake:4  | Received a gift from Trog
 44951 | Snake:4  | Reached skill level 17 in Fighting
 45153 | Snake:4  | Got a serpentine rune of Zot
 45599 | Vaults:1 | Entered Level 1 of the Vaults
 45749 | Vaults:1 | Reached skill level 17 in Armour
 46085 | Vaults:1 | Reached skill level 14 in Dodging
 46280 | Vaults:1 | Received a gift from Trog
 46378 | Vaults:1 | Reached XP level 19. HP: 178/178 MP: 18/18
 46724 | Vaults:1 | Received a gift from Trog
 46852 | Vaults:1 | Reached skill level 18 in Fighting
 47128 | Vaults:2 | Identified +0 ice dragon scales
 47163 | Vaults:2 | Reached skill level 18 in Armour
 47386 | Vaults:2 | Found a runed translucent gate.
 47386 | Vaults:2 | Found a runed translucent gate.
 47386 | Vaults:2 | Found a runed translucent gate.
 47387 | Vaults:2 | Noticed Gastoe's ghost (veteran GrEE)
 47421 | Vaults:2 | Killed Gastoe's ghost
 47424 | Vaults:2 | Received a gift from Trog
 47765 | Vaults:2 | Got a pair of faintly humming gloves
 47775 | Vaults:2 | Got an ancient silver ring
 47815 | Vaults:2 | Identified the +1 pair of gloves "Lesuff" {Regen+ Slay+3}
                  | (You found it on level 2 of the Vaults)
 47900 | Vaults:4 | Reached skill level 15 in Dodging
 48538 | Vaults:4 | Received a gift from Trog
 48794 | Vaults:4 | Reached skill level 19 in Fighting
 49091 | Vaults:4 | Reached XP level 20. HP: 191/191 MP: 19/19
 49324 | Vaults:3 | Reached skill level 19 in Armour
 49429 | Vaults:3 | Reached skill level 16 in Dodging
 49476 | Vaults:3 | Found a white marble altar of Elyvilon.
 49555 | Vaults:3 | Received a gift from Trog
 49634 | Vaults:3 | Found Cydi's Food Boutique.
 50269 | Vaults:3 | Identified the ring "Ruitu" {rN+ SInv} (You found it on
                  | level 2 of the Vaults)
 50495 | Vaults:3 | Found a staircase to the Crypt.
 50549 | Vaults:3 | Reached skill level 20 in Fighting
 51151 | Vaults:2 | Received a gift from Trog
 51192 | Vaults:2 | Reached skill level 20 in Armour
 51350 | Vaults:2 | Found Unetri's Antique Weapon Shoppe.
 51398 | Vaults:2 | Reached skill level 17 in Dodging
 51772 | Depths:1 | Entered Level 1 of the Depths
 51922 | Depths:1 | Reached XP level 21. HP: 202/202 MP: 20/20
 52091 | Depths:1 | Received a gift from Trog
 52142 | Depths:1 | Identified +0 fire dragon scales
 52330 | Depths:1 | Found a gateway to Hell.
 52519 | Depths:1 | Got a bound steel ring
 52958 | Depths:1 | Reached skill level 21 in Fighting
 52968 | Depths:2 | Reached skill level 18 in Dodging
 52982 | Depths:2 | Reached skill level 21 in Armour
 52998 | Depths:2 | Received a gift from Trog
 53315 | Depths:2 | Identified +0 ice dragon scales
 53400 | Depths:2 | Noticed a golden dragon
 53404 | Depths:2 | Killed a golden dragon
 53419 | Depths:2 | Identified the amulet "Gommadewe" {Gourm rElec rF+}
 53427 | Depths:2 | Identified +0 shadow dragon scales
 53453 | Depths:2 | Got a slimy copper ring
 53456 | Depths:2 | Got a slimy turquoise ring
 53470 | Depths:2 | Got a faintly glowing lapis lazuli ring
 53600 | Depths:2 | Noticed a juggernaut
 53612 | Depths:2 | Noticed an ancient lich
 53615 | Depths:2 | Killed a juggernaut
 53634 | Depths:2 | Killed an ancient lich
 53634 | Depths:2 | Reached XP level 22. HP: 47/214 MP: 21/21
 53638 | Depths:2 | HP: 26/321 [???[a deep elf demonologist] (23)]
 53640 | Depths:2 | Killed from afar by a hellion

Vanquished Creatures
  A juggernaut (Depths:2)
  An ancient lich (Depths:2)
  Bai Suzhen (Snake:3)
  The ghost of Gastoe the Scorcher, a veteran GrEE of Vehumet (Vaults:2)
  Nikola (Snake:4)
  A golden dragon (Depths:2)
  A lich (Depths:2)
  Jorgrun (Snake:3)
  A tentacled monstrosity (Vaults:4)
  A titan (Depths:2)
  A sphinx (Depths:2)
  A shadow dragon (Depths:2)
  A tengu reaver (Vaults:2)
  2 thorn hunters
  2 fire giants
  13 nagarajas
  An iron dragon (Depths:2)
  6 frost giants
  A juggernaut zombie (Depths:1)
  Aizul (Snake:1)
  2 orc warlords
  11 vault wardens
  A curse skull (Vaults:2)
  10 stone giants
  9 ironheart preservers
  28 very ugly things
  2 entropy weavers (Vaults:1)
  Nessos (Lair:4)
  Azrael (D:14)
  Snorg (D:14)
  2 eidola (Vaults:2)
  6 ettins
  2 merfolk impalers
  5 fire dragons
  5 great orbs of eyes
  4 rakshasas
  17 naga warriors
  6 yaktaur captains
  21 hydras
  4 vault guards
  4 shambling mangroves
  13 anacondas
  A death knight (Vaults:1)
  6 ice dragons
  11 centaur warriors
  A ghost crab (Swamp:2)
  2 dancing weapons (D:14)
  5 deep troll shamans
  14 alligators
  24 two-headed ogres
  9 ogre magi
  A death yak (Lair:2)
  3 orc high priests
  4 deep troll earth magi
  8 shock serpents
  16 naga sharpshooters
  A spriggan berserker (Depths:2)
  Nergalle (Lair:4)
  7 hell knights
  7 deep elf knights
  3 iron trolls
  2 storm dragon skeletons
  11 skeletal warriors
  3 salamander mystics (Snake:4)
  5 shadow wraiths
  23 deep trolls
  An unseen horror (Vaults:1)
  A spriggan druid (Swamp:2)
  4 lindwurms (Snake:4)
  4 deep elf archers
  3 flayed ghosts
  12 swamp dragons
  2 glowing orange brains
  11 ironbrand convokers
  23 orc knights
  2 phantasmal warriors
  5 naga ritualists
  5 necromancers
  3 harpies (Vaults:3)
  4 wizards
  8 mana vipers
  4 wolf spiders
  6 deep elf magi
  3 tengu skeletons
  8 orc sorcerers
  An iron dragon skeleton (Depths:1)
  A wolf spider (shapeshifter) (Vaults:1)
  3 cyclopes
  4 manticores
  A frost giant skeleton (Vaults:3)
  2 stone giant zombies (Vaults:3)
  72 ugly things
  17 naga magi
  An elephant (Lair:6)
  4 salamanders
  3 ice statues (IceCv)
  A sphinx skeleton (Vaults:3)
  Joseph (Lair:1)
  Maurice (Orc:1)
  A black mamba (shapeshifter) (Vaults:4)
  37 black mambas
  10 vault sentinels
  8 guardian serpents
  19 spiny frogs
  A human zombie (Vaults:3)
  A rime drake (shapeshifter) (D:15)
  5 rime drakes
  5 komodo dragons
  A yaktaur (shapeshifter) (Vaults:2)
  A yaktaur skeleton (Vaults:3)
  2 kobold demonologists (D:14)
  36 yaktaurs
  5 freezing wraiths
  A wind drake (shapeshifter) (D:15)
  A queen bee (Lair:2)
  A jumping spider (shapeshifter) (D:15)
  A merfolk (D:9)
  A tengu conjurer (Depths:2)
  5 polar bears
  19 hornets
  11 trolls
  A raiju (shapeshifter) (Vaults:4)
  13 blink frogs
  5 tyrant leeches
  A hippogriff (shapeshifter) (Vaults:1)
  A slime creature (shapeshifter) (Depths:2)
  16 hippogriffs
  27 slime creatures
  2 stone giant simulacra
  4 bog bodies
  Prince Ribbit (D:9)
  A fire giant simulacrum (Depths:1)
  A dream sheep (Lair:6)
  A meliai zombie (D:13)
  7 shadows
  An ettin skeleton (Vaults:3)
  9 water elementals
  9 wraiths
  2 vampires
  16 spriggans
  5 basilisks
  3 wyverns
  2 fire bats (D:9)
  24 yaks
  A golden eye (shapeshifter) (Vaults:4)
  A hungry ghost (D:11)
  A steam dragon (D:10)
  4 fire elementals (D:14)
  Grum (D:10)
  A human simulacrum (Vaults:4)
  6 wargs
  3 insubstantial wisps (Swamp:2)
  5 vampire mosquitoes
  40 nagas
  15 swamp worms
  A hell hound (D:14)
  2 acid dragons
  15 water moccasins
  3 porcupines
  7 black bears
  An ice beast (shapeshifter) (Vaults:3)
  9 swamp drakes
  18 ice beasts
  A sky beast (D:11)
  38 orc warriors
  4 phantoms
  An eye of draining (shapeshifter) (D:15)
  An ettin simulacrum (Vaults:1)
  A hornet zombie (Ossuary)
  29 wolves
  13 boggarts
  5 human skeletons
  17 ogres
  19 centaurs
  An elf skeleton (Vaults:3)
  An elf simulacrum (Depths:1)
  A crocodile (shapeshifter) (Vaults:1)
  17 crocodiles
  7 big kobolds
  17 bullfrogs
  A gnoll sergeant (D:11)
  A wyvern zombie (D:15)
  A water moccasin zombie (D:9)
  2 wyvern skeletons
  6 scorpions
  A troll zombie (D:11)
  23 killer bees (Lair:2)
  4 wights (D:7)
  5 howler monkeys
  3 electric eels (D:15)
  9 crimson imps
  7 bullfrog zombies
  6 centaur zombies
  22 orc priests
  6 jellies
  25 orc wizards
  3 hounds
  3 centaur skeletons
  5 iguanas
  7 worker ants
  A killer bee zombie (Ossuary)
  7 ogre zombies (D:11)
  5 hound zombies
  A hound skeleton (D:11)
  13 mummies
  2 howler monkey zombies
  A worker ant zombie (Ossuary)
  A howler monkey skeleton (D:7)
  11 adders
  5 gnolls
  A river rat (D:6)
  5 shadow imps
  A white imp (D:10)
  2 ufetubi (D:10)
  2 oozes
  5 adder zombies (Ossuary)
  An adder skeleton (D:9)
  4 worms
  6 leopard geckos
  105 orcs
  A giant cockroach (D:6)
  5 goblins
  12 hobgoblins
  2 quokkas
  A ball python (D:1)
  A ball python zombie (Ossuary)
  13 bats
  2 frilled lizards
  2 giant cockroach zombies (Ossuary)
  2 goblin skeletons (D:11)
  A goblin zombie (D:11)
  5 hobgoblin zombies (D:11)
  A jackal zombie (Ossuary)
  13 kobolds
  An orc skeleton (D:11)
  16 orc zombies (D:11)
  3 quokka zombies (Ossuary)
  4 rats
  10 briar patches
  3 fungi
  7 plants
1638 creatures vanquished.

Vanquished Creatures (collateral kills)
  Josephine (D:10)
  2 wraiths (D:10)
  A scorpion (D:10)
  A hound (D:10)
  A white imp (D:10)
  3 orcs (D:10)
9 creatures vanquished.

Vanquished Creatures (others)
  A cyclops (D:15)
  3 yaktaurs (Vaults:3)
  A boggart (D:14)
  A centaur (D:15)
  An iguana (D:14)
  An orc (D:9)
  A kobold (D:10)
  10 fungi
  14 plants
33 creatures vanquished.

Grand Total: 1680 creatures vanquished
